AoeStats
← eyupfc

Arabia

504425081Analyzed
1v1 RM · 28d ago on Sep 5, 2026· 22m 57s· 2 players
Game mode
Random Map
Map size
Tiny (2 player)
Population
200
Speed
Normal
Resources
Standard
Victory
Conquest
Starting age
Dark Age
Ending age
Imperial Age
RankedLock teamsTeams togetherTeam positionsShared explorationLock speedFull tech treeHidden civsTurbo modeCheats
Victory
Defeat
🇦🇷 Koreans · Argentina
1245
+15
🇹🇷 Chinese · Türkiye
1225
-15
eyupfc
0:27 Loom
9:03 Feudal Age
9:43 Double-Bit Axe
10:08 Horse Collar
19:38 Man-at-Arms
22:19 Scale Mail Armor
22:09 Fletching
23:21 Wheelbarrow
HernanJC
6:22 Loom
9:59 Feudal Age
10:28 Man-at-Arms
13:02 Double-Bit Axe
13:24 Arson
22:41 Castle Age
20:51 Fletching
22:12 Scale Mail Armor
22:23 Forging
Connection lost

Rejoining the realm…

Still unreachable

The connection could not be restored.

Session expired

The server has moved on; the page needs a fresh start.